 Dungeon Crawl Stone Soup version 0.26-a0-307-g4e7fcc93f0 (webtiles) character file.

Game seed: 4530396982449001955

284 ANON1729 the Caller (level 6, 0/53 HPs)
             Began as a Troll Summoner on July 15, 2020.
             Slain by an orc wizard
             ... wielding a +0 dagger
              (7 damage)
             ... on level 4 of the Dungeon.
             The game lasted 00:04:18 (1992 turns).

ANON1729 the Caller (Troll Summoner)                Turns: 1992, Time: 00:04:19

Health: 0/53       AC:  6    Str: 19    XL:     6   Next: 7%
Magic:  8/8        EV: 10    Int: 11    God:
Gold:   152        SH:  0    Dex: 10    Spells: 8/9 levels left

rFire    . . .     SeeInvis .   (no weapon)
rCold    . . .     Faith    .   (no shield)
rNeg     . . .     Spirit   .   a - +0 robe
rPois    .         Reflect  .   (helmet restricted)
rElec    .         Harm     .   (no cloak)
rCorr    .                      (gloves unavailable)
MR       .....                  (boots unavailable)
Stlth    ++........             (no amulet)
HPRegen  0.57/turn              (no ring)
MPRegen  0.11/turn              (no ring)

@: no status effects
A: large, unfitting armour, claws 3, regeneration 1, shaggy fur 1, tough skin 3
a: no special abilities


You were on level 4 of the Dungeon.
You visited 1 branch of the dungeon, and saw 4 of its levels.

You collected 152 gold pieces.

Inventory:

Hand Weapons
 c - a +0 short sword
Armour
 a - a +0 robe (worn)
Jewellery
 n - a cursed amulet of inaccuracy {unknown}
Scrolls
 b - 2 scrolls of remove curse {unknown}
 d - 4 scrolls of teleportation {unknown}
 f - 3 scrolls of amnesia {unknown}
 j - 3 scrolls of fog {unknown}
 k - 2 scrolls of immolation {unknown}
 l - a scroll of blinking {unknown}
 o - 2 scrolls of identify {unknown}
 p - a scroll of random uselessness {unknown}
Potions
 e - a potion of haste {unknown}
 g - a potion of brilliance {unknown}
 h - 2 potions of flight {unknown}
 i - a potion of resistance {unknown}
 m - 4 potions of curing


   Skills:
 + Level 2.9 Dodging
 + Level 2.1 Stealth
 + Level 2.2 Spellcasting
 + Level 3.7 Summonings


You had 8 spell levels left.
You knew the following spells:

 Your Spells              Type           Power        Failure   Level
a - Summon Small Mammal   Summ           #...         6%          1

Your spell library contained the following spells:

 Spells                   Type           Power        Failure   Level
 Call Imp                 Summ           #.......     9%          2
 Call Canine Familiar     Summ           #.......     19%         3
 Summon Guardian Golem    Hex/Summ       #.......     36%         3
 Summon Ice Beast         Ice/Summ       #.......     78%         4
 Summon Lightning Spire   Summ/Air       #.......     78%         4


Dungeon Overview and Level Annotations

Branches:
Dungeon (4/15)
 Temple: D:4-7

Altars:
Nemelex Xobeh
Okawaru
Qazlal


Innate Abilities, Weirdness & Mutations

You are too large for most types of armour.
You have claws for hands.
Your natural rate of healing is unusually fast.
You are covered in fur. (AC +1)
You have extremely tough skin. (AC +3)


Message History

You closely miss the orc wizard.
The orc wizard is severely wounded.
The orc wizard closely misses you.
You closely miss the orc wizard.
The orc wizard is severely wounded.
The orc wizard hits you but does no damage.
You closely miss the orc wizard.
The orc wizard is severely wounded.
The orc wizard closely misses you.
You closely miss the orc wizard.
The orc wizard is severely wounded.
The orc wizard barely misses you.
You closely miss the orc wizard.
The orc wizard is severely wounded.
The orc wizard hits you with a +0 dagger.
* * * LOW HITPOINT WARNING * * *
You scratch the orc wizard.
The orc wizard is severely wounded.
The orc wizard hits you with a +0 dagger!
You die...

#
##############.#####
#..........)@o......
#.############.#####
#.# # #.# #.# #.#
#.# #.# #.#


You could see an orc wizard.

Vanquished Creatures
  A hound (D:4)
  An orc priest (D:4)
  An orc wizard (D:4)
  Jessica (D:3)
  Terence (D:3)
  7 adders
  2 oozes
  2 worms
  A dart slug (D:2)
  2 leopard geckos
  2 orcs
  9 bats
  3 giant cockroaches
  5 hobgoblins (D:1)
  10 jackals
  6 kobolds
  6 frilled lizards
  3 goblins
  7 rats
70 creatures vanquished.

Notes
Turn   | Place    | Note
-------+----------+-------------------------------------------
     0 | D:1      | ANON1729 the Troll Summoner began the quest for the Orb.
     0 | D:1      | Reached XP level 1. HP: 16/16 MP: 1/1
    31 | D:1      | Reached skill level 3 in Summonings
   111 | D:1      | Reached XP level 2. HP: 22/24 MP: 3/3
   346 | D:1      | Reached XP level 3. HP: 13/31 MP: 4/4
   683 | D:2      | Reached XP level 4. HP: 39/39 MP: 5/5
   776 | D:2      | You fall into a shaft and drop 2 floors!
   879 | D:3      | Reached XP level 5. HP: 35/45 MP: 6/6
  1156 | D:3      | Noticed Terence
  1184 | D:3      | Killed Terence
  1261 | D:3      | Found a sparkling altar of Nemelex Xobeh.
  1335 | D:3      | Noticed Jessica
  1349 | D:3      | Killed Jessica
  1480 | D:2      | Noticed an air elemental
  1481 | D:2      | Found a stormy altar of Qazlal.
  1484 | D:2      | Noticed a water elemental
  1484 | D:2      | Noticed a fire elemental
  1584 | D:2      | Found an iron altar of Okawaru.
  1970 | D:4      | Reached XP level 6. HP: 29/53 MP: 8/8
  1992 | D:4      | Slain by an orc wizard

Illustrated notes

Levels and vault maps discovered:
D:1:      minmay_arrival_split_and_join, layout_basic, serial_park_tiny_2
D:2:      layout_loops_cross, nicolae_overflow_hidden_temple,
          nicolae_qazlal_style_of_elements, minmay_tetromino_o2
D:3:      layout_rooms, nemelex_xobeh_ov_fountains_minmay,
          minmay_misc_feat_square, uniq_terence, uniq_jessica
D:4:      layout_basic, lemuel_doored_altar, serial_shops,
          nicolae_shop_waterfront, uniq_ijyb

Skill      XL: |  1  2  3  4  5 |
---------------+----------------+-----
Summonings     | 3 |  3.7
Dodging        | 2 |  2.9
Spellcasting   | 2 |  2.2
Stealth        | 2 |  2.1

Action                   |  1- 3 |  4- 6 || total
-------------------------+-------+-------++-------
Melee: Unarmed           |   138 |   208 ||   346
 Stab: Sleeping          |     3 |     1 ||     4
Armor: Robe              |    98 |    91 ||   189
Dodge: Dodged            |    93 |   118 ||   211

Table legend:
 A = Non-vault XP
 B = Vault XP
 C = Vault XP percentage of total XP
 D = Non-vault monster count
 E = Vault monster count
 F = Vault count percentage of total count
                 A         B        C        D         E       F
            +---------+---------+-------+---------+---------+-------
      Total |     323 |      84 |  20.6 |      66 |       4 |   5.7
            +---------+---------+-------+---------+---------+-------
        D:1 |      53 |       0 |   0.0 |      26 |       0 |   0.0
        D:2 |      61 |      11 |  15.3 |      16 |       2 |  11.1
        D:3 |      67 |      73 |  52.1 |      19 |       2 |   9.5
        D:4 |     142 |       0 |   0.0 |       5 |       0 |   0.0
            +---------+---------+-------+---------+---------+-------
